 Dungeon Crawl Stone Soup version 0.28.0 (webtiles) character file.

Game seed: 8243002761995215934

556 hehateme the Skirmisher (level 7, -2/56 HPs)
             Began as a Demonspawn Monk on Feb 11, 2022.
             Succumbed to a killer bee's poison
             ... on level 4 of the Dungeon on Feb 12, 2022.
             The game lasted 00:13:49 (6114 turns).

hehateme the Skirmisher (Demonspawn Monk)           Turns: 6114, Time: 00:13:50

Health: -2/56      AC: 13    Str: 13    XL:     7   Next: 8%
Magic:  7/7        EV:  7    Int: 11    God:
Gold:   125        SH:  0    Dex: 16    Spells: 6/6 levels left

rFire   + . .      SeeInvis .   c - +0 dagger (venom)
rCold   . . .      Faith    .   (no shield)
rNeg    . . .      Spirit   .   e - +3 chain mail {rF+} {rF+}
rPois   .          Reflect  .   (no helmet)
rElec   .          Harm     .   s - +0 cloak
rCorr   .          Rampage  .   (no gloves)
Will    .....                   (no boots)
Stlth   ..........              (no amulet)
HPRegen 0.18/turn               (no ring)
MPRegen 0.10/turn               (no ring)

@: mighty, lethally poisoned (-2 -> -12), weak-willed
A: demonic guardian 1, weakness stinger 1, demonic touch 1
a: no special abilities


You were on level 4 of the Dungeon.
You visited 1 branch of the dungeon, and saw 4 of its levels.

You collected 125 gold pieces.

Inventory:

Hand Weapons
 a - a +0 hand axe
 c - a +0 dagger of venom (weapon)
Missiles
 p - 17 bolts
 r - 18 arrows
 Q - 127 stones (quivered)
Armour
 b - a +0 robe
 e - a +3 chain mail of fire resistance (worn) {rF+}
 s - a +0 cloak (worn)
Jewellery
 I - a ring of protection from cold
Wands
 f - a wand of flame (11)
Scrolls
 d - 4 scrolls of identify {unknown}
 g - a scroll of vulnerability {!r!r}
 h - a scroll of noise {unknown}
 i - a scroll of enchant weapon {unknown}
 j - a scroll of amnesia {unknown}
 n - a scroll of teleportation {unknown}
 o - a scroll of magic mapping {unknown}
Potions
 q - a potion of resistance {unknown}


   Skills:
 + Level 5.2 Fighting
 - Level 4.2 Axes
 * Level 4.3 Armour
 - Level 2.6 Dodging
 - Level 1.7 Stealth


You had 6 spell levels left.
You didn't know any spells.
Your spell library contained the following spells:

 Spells                   Type           Power      Damage    Failure   Level
 Beastly Appendage        Tmut           0%         N/A       100%        1
 Wereblood                Tmut           0%         N/A       100%        2
 Spider Form              Tmut/Pois      0%         N/A       100%        3
 Tukima's Dance           Hex            0%         N/A       100%        3
 Anguish                  Hex/Necr       0%         N/A       100%        4
 Summon Forest            Summ/Tloc      0%         N/A       100%        5
 Summon Mana Viper        Hex/Summ       0%         N/A       100%        5
 Summon Cactus Giant      Summ           0%         N/A       100%        6
 Enfeeble                 Hex            0%         N/A       100%        7


Dungeon Overview and Level Annotations

Branches:
Dungeon (4/15)
 Temple: D:4-7

Altars:

Shops:
D:1 =

Annotations:
D:2 exclusion: downstairs


Innate Abilities, Weirdness & Mutations

A weak demonic guardian rushes to your aid.
You have a small tail.
Your touch may inflict minor irresistible damage on your foes.


Message History

* * * LOW HITPOINT WARNING * * *
You take 2 damage, and have 14/56 hp.
It was a potion of curing.
You feel better.
The killer bee stings you but does no damage. x2
You regained 10 hp, and now have 24/56 hp.
As you read the scroll labelled FUOGO YSOPTAILAP, it crumbles to dust.
Magic quickly surges around you.
It was a scroll of vulnerability.
The killer bee stings you but does no damage. x2
As you read the scroll labelled IHEXOL ZEUG, it crumbles to dust.
It is a scroll of enchant armour.
Your +2 chain mail of fire resistance {rF+} glows green for a moment.
The killer bee stings you!
* * * LOW HITPOINT WARNING * * *
The killer bee stings you but does no damage.
You take 7 damage, and have 18/56 hp.
As you read the scroll labelled MAUSUH TON, it crumbles to dust.
The creatures around you are filled with an inner flame!
It was a scroll of immolation.
The killer bee stings you.
* * * LOW HITPOINT WARNING * * *
You are poisoned.
The killer bee poisons you!
The killer bee stings you but does no damage.
You take 6 damage, and have 12/56 hp.
It was a potion of might.
You feel very mighty all of a sudden.
You feel sick. The killer bee stings you.
* * * LOW HITPOINT WARNING * * *
A demonic guardian appears!
The killer bee stings you.
* * * LOW HITPOINT WARNING * * *
You are lethally poisoned!
The killer bee poisons you!
You take 7 damage, and have 5/56 hp.
Okay, then.
* * * LOW HITPOINT WARNING * * *
You feel very sick. The killer bee stings you.
* * * LOW HITPOINT WARNING * * *
You take 4 damage, and have 1/56 hp.
You swap places.
You die...

#....# #.......# ####.#
#.##.#### #.#####.##.#
#.......##.#
####.#####.# #.# #.# #.#
##.## ##########
#.####...###.........
#####†#....#@5yy...#####
#............#####.#
#.###...####.# #÷# ##..#
#.# #)# #..# #.# #.#
#... #.#####.# #.###
#.##....# #.# #>......#
#.# #..#...##

Skill      XL: |  1  2  3  4  5  6 |
---------------+-------------------+-----
Axes           | 3 4 |  4.2
Fighting       | 4 5 |  5.2
Armour         | 1 3 4 |  4.3
Dodging        | |  2.6
Stealth        | |  1.7

Notes
Turn   | Place    | Note
-------+----------+-------------------------------------------
     0 | D:1      | hehateme the Demonspawn Monk began the quest for the Orb.
     0 | D:1      | Reached XP level 1. HP: 18/18 MP: 1/1
   261 | D:1      | HP: 3/18 [jackal (3)]
   274 | D:1      | HP: 3/18 [jackal (1)]
   276 | D:1      | Reached skill level 3 in Axes
   280 | D:1      | HP: 3/18 [jackal (1)]
   289 | D:1      | HP: 1/18 [frilled lizard (2)]
   662 | D:1      | Gained mutation: A weak demonic guardian rushes to your
                  | aid. [demonic ancestry]
   662 | D:1      | Reached XP level 2. HP: 24/24 MP: 2/2
  1185 | D:1      | HP: 4/24 [endoplasm (3)]
  1643 | D:1      | Reached XP level 3. HP: 20/29 MP: 3/3
  1859 | D:1      | Found Qoysh's Jewellery Shoppe.
  2683 | D:2      | Reached skill level 4 in Axes
  2683 | D:2      | Reached XP level 4. HP: 19/37 MP: 4/4
  3584 | D:3      | HP: 9/37 [poisoned by a goblin]
  3587 | D:3      | HP: 4/55 [poisoned by a goblin]
  3590 | D:3      | HP: 1/37 [poisoned by a goblin]
  3695 | D:3      | Found a faded altar of an unknown god.
  3871 | D:3      | Reached skill level 4 in Fighting
  4282 | D:3      | Reached skill level 1 in Armour
  4343 | D:3      | Noticed Sigmund
  4406 | D:3      | Noticed Ijyb
  4420 | D:3      | Killed Ijyb
  4421 | D:3      | Discovered your monstrous ancestry.
  4421 | D:3      | Gained mutation: You have a small tail. [demonic ancestry]
  4421 | D:3      | Reached XP level 5. HP: 22/42 MP: 5/5
  4876 | D:3      | Killed Sigmund
  4877 | D:3      | Reached skill level 3 in Armour
  4877 | D:3      | Gained mutation: Your touch may inflict minor irresistible
                  | damage on your foes. [demonic ancestry]
  4877 | D:3      | Reached XP level 6. HP: 38/49 MP: 6/6
  5733 | D:4      | Reached skill level 5 in Fighting
  6066 | D:4      | Reached skill level 4 in Armour
  6066 | D:4      | Reached XP level 7. HP: 44/56 MP: 7/7
  6107 | D:4      | HP: 14/56 [killer bee (1)]
  6112 | D:4      | HP: 10/56 [poisoned by a killer bee]
  6113 | D:4      | HP: 2/56 [poisoned by a killer bee]
  6114 | D:4      | Succumbed to a killer bee's poison

Table legend: (Time is in decaauts)
 A = Elapsed time spent in this place.
 B = Non-inter-level travel time spent in this place.
 C = Inter-level travel time spent in this place.
 D = Time resting spent in this place.
 E = Time spent auto-exploring this place.
 F = Levels seen in this place.
 G = Mean time per level.
                   A        B        C        D        E       F      G
               +--------+--------+--------+--------+--------+-----+--------+
         Total |   6158 |   5970 |    188 |   2573 |   2215 |   4 | 1539.5 |
       Dungeon |   6158 |   5970 |    188 |   2573 |   2215 |   4 | 1539.5 |
               +--------+--------+--------+--------+--------+-----+--------+

Top non-repeatable levels by time:
     D:1: 2098 daAuts
     D:2: 1621 daAuts
     D:3: 1345 daAuts
     D:4: 1093 daAuts

Table legend:
 A = Kills in this place as a percentage of kills in entire the game.
 B = Kills by you in this place as a percentage of kills by you in the entire game.
 C = Kills by friends in this place as a percentage of kills by friends in the entire game.
 D = Other kills in this place as a percentage of other kills in the entire game.
 E = Experience gained in this place as a percentage of experience gained in the entire game.
 F = Experience gained in this place divided by the number of levels of this place that you have seen.
                   A       B       C       D       E      F
               +-------+-------+-------+-------+-------+----------------------
         Total | 100.0 | 100.0 | 100.0 |   N/A | 100.0 | 198.8
       Dungeon | 100.0 | 100.0 | 100.0 |   N/A | 100.0 | 198.8
               +-------+-------+-------+-------+-------+----------------------

Action                   |  1- 3 |  4- 6 |  7- 9 || total
-------------------------+-------+-------+-------++-------
Melee: Hand axe          |   172 |   102 |       ||   274
       Punch             |     1 |     2 |       ||     3
       Dagger            |       |    95 |     5 ||   100
       Tailslap          |       |    15 |       ||    15
       Touch             |       |    16 |       ||    16
Throw: Stone             |       |    21 |       ||    21
Evoke: Wand              |       |     8 |       ||     8
  Use: Potion            |       |     3 |     2 ||     5
       Scroll            |       |       |     3 ||     3
Armor: Robe              |    15 |       |       ||    15
       Chain mail        |    66 |   118 |    12 ||   196
Dodge: Dodged            |   111 |    47 |       ||   158

Vanquished Creatures
  Sigmund (D:3)
  2 killer bees (D:4)
  A howler monkey (D:4)
  A centaur skeleton (D:4)
  An iguana (D:4)
  Ijyb (D:3)
  A hound skeleton (D:4)
  7 adders
  A howler monkey skeleton (D:4)
  4 worms
  4 dart slugs
  4 orcs (D:3)
  5 endoplasms
  A giant cockroach (D:3)
  5 goblins
  6 hobgoblins
  9 jackals (D:1)
  5 quokkas
  7 ball pythons
  3 bats
  3 frilled lizards
  6 kobolds
  2 rats (D:1)
80 creatures vanquished.

Vanquished Creatures (collateral kills)
  2 bats (D:1)
2 creatures vanquished.

Grand Total: 82 creatures vanquished You could see 2 killer bees and a friendly shadow imp (summoned).

Levels and vault maps discovered:
D:1:      heliophobic_arrival_battle_scene, layout_loops_ring, serial_shops,
          nicolae_shop_advertising_works [nicolae_subvault_shop_adworks],
          minmay_liquid_box
D:2:      layout_loops_cross
D:3:      layout_rooms, chequers_ecumenical_altar_simple_redux, fountainhead,
          nicolae_wormholes, uniq_ijyb, uniq_sigmund
D:4:      layout_loops_ring
